 Dungeon Crawl Stone Soup version 0.21.1-1-g345015f (webtiles) character file.

204 nicolaieve the Chopper (level 5, -5/70 HPs)
             Began as a Minotaur Berserker on July 13, 2018.
             Was a Believer of Trog.
             Slain by a gnoll
             ... wielding a +0 spear
              (6 damage)
             ... on level 2 of the Dungeon.
             The game lasted 00:05:37 (1199 turns).

nicolaieve the Chopper (Minotaur Berserker)         Turns: 1199, Time: 00:05:38

Health: -5/70      AC:  5    Str: 28    XL:     5   Next: 52%
Magic:  4/4        EV: 11    Int:  4    God:    Trog [**....]
Gold:   86         SH:  0    Dex:  9    Spells: 4/4 levels left

rFire    . . .     SeeInvis .   a - +0 hand axe
rCold    . . .     Gourm    .   (no shield)
rNeg     . . .     Faith    .   k - +0 ring mail
rPois    .         Spirit   .   (helmet restricted)
rElec    .         Reflect  .   (no cloak)
rCorr    .         Harm     .   (no gloves)
MR       .....                  (no boots)
Stlth    ..........             (no amulet)
HPRegen  0.21/turn              (no ring)
MPRegen  0.09/turn              (no ring)

@: berserking (expiring), very quick
A: retaliatory headbutt, horns 2
a: Berserk, Trog's Hand, Burn Spellbooks, Renounce Religion


You were on level 2 of the Dungeon.
You worshipped Trog.
Trog was pleased with you.
You were hungry.

You visited 1 branch of the dungeon, and saw 2 of its levels.

You collected 86 gold pieces.

Inventory:

Hand Weapons
 a - a +0 hand axe (weapon)
Armour
 k - a +0 ring mail (worn)
Scrolls
 b - a scroll of enchant armour {unknown}
 e - a scroll of fear {unknown}
 g - a scroll of remove curse {unknown}
 h - 4 scrolls of identify {unknown}
Potions
 d - a potion of curing {unknown}
 i - a potion of mutation {unknown}
 j - 2 potions of cancellation {unknown}
 l - 2 potions of berserk rage {unknown}
 m - 2 potions of heal wounds {unknown}
Comestibles
 c - 2 rations
 f - a chunk of flesh


   Skills:
 + Level 4.9 Fighting
 * Level 6.6 Axes
 + Level 2.9 Armour
 - Level 2.1 Dodging


You had 4 spell levels left.
You didn't know any spells.

Dungeon Overview and Level Annotations

Branches:
Dungeon (2/15)

Altars:


Innate Abilities, Weirdness & Mutations

You reflexively headbutt those who attack you in melee.
You have a pair of horns on your head.


Message History

You kill the gnoll!
Trog accepts your kill.
Unknown command.
The gnoll hits you with a spear.
* * * LOW HITPOINT WARNING * * *
You barely miss the gnoll. The gnoll hits you with a spear.
* * * LOW HITPOINT WARNING * * *
Unknown command.
You slash the gnoll!
You headbutt the gnoll, but do no damage.
The gnoll is severely wounded.
The gnoll hits you but does no damage.
Unknown command.
You barely miss the gnoll. Your headbutt misses the gnoll.
The gnoll is severely wounded.
You slash the gnoll!
You kill the gnoll!
Trog accepts your kill.
You hit the gnoll. The gnoll hits you with a spear.
You die...

# #..#.##### #
#........# #
#.#.####.# #
#........# #
#.##.#####
#..#..#
########
##.##.##
.......#
##..#..#####+#
.......#
#....)@.......
รท......#
#....<)g......
.......#
#.............
.......#
#.............
.......#
#.............
.......#
#.............
.......#
#.............
.......#
#.............
.......#


You could see a gnoll.

Vanquished Creatures
  An ice beast (D:2)
  3 gnolls (D:2)
  3 adders (D:2)
  An ooze (D:2)
  3 dart slugs (D:2)
  A leopard gecko (D:2)
  A giant cockroach (D:1)
  9 goblins
  7 hobgoblins
  A quokka (D:2)
  7 bats
  4 frilled lizards
  3 kobolds
  4 rats
48 creatures vanquished.

Notes
Turn   | Place    | Note
-------+----------+-------------------------------------------
     0 | D:1      | nicolaieve the Minotaur Berserker began the quest for the Orb.
     0 | D:1      | Reached XP level 1. HP: 19/19 MP: 0/0
   189 | D:1      | Reached skill level 4 in Axes
   190 | D:1      | Reached XP level 2. HP: 23/27 MP: 1/1
   589 | D:2      | Reached XP level 3. HP: 27/33 MP: 2/2
   594 | D:2      | Reached ** piety under Trog
   676 | D:2      | Noticed an ice beast
   681 | D:2      | Killed an ice beast
   681 | D:2      | Reached skill level 6 in Axes
   681 | D:2      | Reached XP level 4. HP: 41/41 MP: 3/3
   874 | D:2      | Reached XP level 5. HP: 45/47 MP: 4/4
  1196 | D:2      | HP: 1/70 [gnoll/spear (3)]
  1199 | D:2      | Slain by a gnoll

Skill      XL: |  1  2  3 |
---------------+----------+-----
Axes           | 4 6 |  6.6
Fighting       | 4 |  4.9
Armour         | |  2.9
Dodging        | |  2.1

Action                   |  1- 3 |  4- 6 || total
-------------------------+-------+-------++-------
Melee: Hand axe          |    46 |    39 ||    85
       Headbutt          |    11 |     2 ||    13
Invok: Berserk           |     2 |     1 ||     3
  Eat: Chunk             |       |     3 ||     3
Armor: Animal skin       |     7 |       ||     7
       Ring mail         |       |    18 ||    18
Dodge: Dodged            |    31 |    27 ||    58
